 Dungeon Crawl Stone Soup version 0.31.0-9-g3a7656b989 (webtiles) character file.

Game seed: 1317205516849210015

51 qw the Shooter (level 3, 0/18 HPs)
             Began as a Spriggan Hunter on Feb 2, 2024.
             Succumbed to their own poison gas
             ... on level 2 of the Dungeon.
             The game lasted 00:00:05 (1530 turns).

qw the Shooter (Spriggan Hunter)                    Turns: 1530, Time: 00:00:05

Health: 0/18       AC:  3    Str:  7    XL:     3   Next: 58%
Magic:  4/4        EV: 19    Int: 10    God:
Gold:   72         SH:  0    Dex: 20    Spells: 2/2 levels left

rFire   + + .        a - +1 shortbow
rCold   . . .        (shield currently unavailable)
rNeg    . . .        c - +0 robe
rPois   .            (helmet restricted)
rElec   .            g - +0 cloak
rCorr   .            (gloves unavailable)
SInv    +            (boots unavailable)
Will    .....        (no amulet)
Stlth   ++           b - ring of protection from fire
HPRegen 0.23/turn    j - ring of protection from fire
MPRegen 0.09/turn

%: no passive effects
@: lethally poisoned (0 -> -7), very quick
A: very small, no large weapons, unfitting armour, see invisible, speed 3
a: no special abilities


You were on level 2 of the Dungeon.
You visited 1 branch of the dungeon, and saw 2 of its levels.

You collected 72 gold pieces.


Innate Abilities, Weirdness & Mutations

You are very small and have problems with some larger weapons.
You are too small for most types of armour.
You have supernaturally acute eyesight. (SInv)
You cover ground extremely quickly. (Speed+++)


   Skills:
 - Level 1.5 Fighting
 + Level 4.8 Ranged Weapons
 - Level 4.0 Dodging
 - Level 1.5 Stealth


You had 2 spell levels left.
You didn't know any spells.
Your spell library was empty.

Inventory:

Hand Weapons
 a - a +1 shortbow (weapon)
Armour
 c - a +0 robe (worn)
 g - a +0 cloak (worn)
Jewellery
 b - a ring of protection from fire (left hand)
 j - a ring of protection from fire (right hand)
Wands
 m - a wand of digging (4)
Potions
 h - a potion of heal wounds

Dungeon Overview and Level Annotations

Branches:
Dungeon (2/15)

Altars:


Message History

1522 ||| DROPPING potion of brilliance.
You drop a potion of brilliance.
Done exploring.
What level of the Dungeon? (default 2, ? - help) Sorry, I don't know how to get there.
Enter note:
Enter note:
Enter note:
Enter note:
Enter note:
Enter note:
Enter note:
Enter note:
Enter note:
Enter note:
Enter note:
Enter note:
Enter note:
Enter note:
Enter note: You are engulfed in poison gas.
You are lethally poisoned!
You feel very sick.
1524 ||| Stepping ~*~*~tactically~*~*~ (cloud).
You feel sick.
Things that are here:
a potion of brilliance; a potion of berserk rage
1525 ||| DRINKING potion of curing.
You feel better.
1525 ||| (to cure poison)
You are engulfed in poison gas.
You are poisoned.
You feel very sick.
1527 ||| Stepping ~*~*~tactically~*~*~ (cloud).
You feel sick.
Things that are here:
a potion of brilliance; a potion of berserk rage
There is a lethal amount of poison in your body!
You feel very sick.
There is a lethal amount of poison in your body!
You feel very sick.
There is a lethal amount of poison in your body!
You die...

.#####.#..#..#
#.#.......##.#..# .#
#.#..#..#
#.#.....#.......#
.#####.#..#.<#
#.#...#.#.##.##.#
.......#..#..#
#.#####.#.##)##.##
..........#..#
#.......#.##.....#
######.#..#..#
#########.########
......)...#..# #00..000..#
##.###.####00###¤#000¤0..#
.#.......##0¤0¤¤@00000¤#.#
.###.#.#.##'####0#0¤000#.#
.....#.#.#....##¤#######.#
.###...#.'..<.##¤#......<#
.#.....###....##0#.#####.#
##.....# #....##0#.# #.#
...###.# #######¤#.# #.#
#..# #.#########¤#.# ###
#..# #.........#.#.#


There were no monsters in sight!

Vanquished Creatures
  An adder (D:2)
  A dart slug (D:1)
  4 bats
  3 endoplasms
  A giant cockroach (D:1)
  3 goblins
  6 hobgoblins
  4 jackals (D:2)
  A kobold (D:1)
  A quokka (D:1)
  5 ball pythons
  4 frilled lizards
  2 rats (D:2)
36 creatures vanquished.

Notes
Turn   | Place    | Note
-------+----------+-------------------------------------------
     0 | D:1      | qw the Spriggan Hunter began the quest for the Orb.
     0 | D:1      | Reached XP level 1. HP: 10/10 MP: 2/2
     0 | D:1      | 0 ||| qw: Version: 0.3-a-155-g5e7d8dd
     0 | D:1      | 0 ||| qw: Game counter: 2476
     0 | D:1      | 0 ||| qw: Melee chars always use a shield: true
     0 | D:1      | 0 ||| qw: God list: Okawaru
     0 | D:1      | 0 ||| qw: Allow faded altars: false
     0 | D:1      | 0 ||| qw: Do Orc after clearing Dungeon:15 true
     0 | D:1      | 0 ||| qw: Do second Lair branch before Depths: true
     0 | D:1      | 0 ||| qw: Lair rune preference: random
     0 | D:1      | 0 ||| qw: Goals: Normal
     0 | D:1      | 0 ||| PLANNING D:1-11
    11 | D:1      | Reached skill level 3 in Dodging
   114 | D:1      | Reached XP level 2. HP: 14/14 MP: 3/3
   441 | D:1      | Found a faded altar of an unknown god.
   635 | D:1      | 635 ||| READING scroll labelled JUAPSO TIAZYAKO.
   635 | D:1      | 635 ||| ENCHANTING +0 shortbow.
   636 | D:1      | 636 ||| READING 2 scrolls labelled QUWICZ LALL.
   637 | D:1      | 637 ||| READING scroll labelled GES UDOSOEL.
   638 | D:1      | 638 ||| DROPPING scroll of butterflies.
   639 | D:1      | 639 ||| DROPPING scroll of fear.
   849 | D:2      | Reached XP level 3. HP: 18/18 MP: 4/4
  1508 | D:2      | 1508 ||| UPGRADING to +0 cloak.
  1513 | D:2      | 1513 ||| UPGRADING to ring of protection from fire.
  1514 | D:2      | 1514 ||| UPGRADING to ring of protection from fire.
  1515 | D:2      | 1515 ||| READING 2 scrolls labelled RIAZOT NUIJY.
  1515 | D:2      | 1515 ||| IDENTIFYING purple potion
  1516 | D:2      | 1516 ||| READING scroll of identify.
  1516 | D:2      | 1516 ||| IDENTIFYING clear potion
  1517 | D:2      | 1517 ||| READING scroll labelled FYGGEOCAAQ.
  1518 | D:2      | 1518 ||| READING scroll labelled LOQEOH KUXE.
  1519 | D:2      | 1519 ||| DRINKING 2 glowing cyan potions.
  1520 | D:2      | 1520 ||| DRINKING 2 black potions.
  1521 | D:2      | 1521 ||| DROPPING potion of berserk rage.
  1522 | D:2      | 1522 ||| DROPPING potion of brilliance.
  1524 | D:2      | 1524 ||| Stepping ~*~*~tactically~*~*~ (cloud).
  1525 | D:2      | 1525 ||| DRINKING potion of curing.
  1525 | D:2      | 1525 ||| (to cure poison)
  1527 | D:2      | 1527 ||| Stepping ~*~*~tactically~*~*~ (cloud).
  1529 | D:2      | HP: 2/18 [poisoned by you (poison gas)]
  1530 | D:2      | Succumbed to their own poison gas

Levels and vault maps discovered:
D:1:      minmay_arrival_up_and_down, layout_loops_ring,
          shapermc_ecumenical_altar_notcrosses
D:2:      layout_basic, minmay_misc_feat_chi, grunt_decor_cap

Skill      XL: |  1  2 |
---------------+-------+-----
Dodging        | 3 4 |  4.0
Fighting       | |  1.5
Ranged Weapons | |  4.8
Stealth        | |  1.5

Action                     || total
---------------------------++-------
   Fire: Shortbow          ||    91
    Use: Scroll            ||     7
         Potion            ||     3
 Armour: Robe              ||    11
  Dodge: Dodged            ||    38

Table legend:
 A = Non-vault XP
 B = Vault XP
 C = Vault XP percentage of total XP
 D = Non-vault monster count
 E = Vault monster count
 F = Vault count percentage of total count
                 A         B        C        D         E       F
            +---------+---------+-------+---------+---------+-------
      Total |      74 |       0 |   0.0 |      36 |       0 |   0.0
            +---------+---------+-------+---------+---------+-------
        D:1 |      36 |       0 |   0.0 |      19 |       0 |   0.0
        D:2 |      38 |       0 |   0.0 |      17 |       0 |   0.0
            +---------+---------+-------+---------+---------+-------
